Map: Ascension to Aiur LE

Players

Winthrowe - Winner!

  • Race: Terran Terran
  • League: Silver
  • Spawn Location: 11:00

A.I. 1 (Hard)

  • Race: Zerg Zerg
  • Spawn Location: 5:00

VOD

Have the link to the VOD?

Description

Time

  • Played on: Aug. 19, 2017, 11:52 a.m.
  • Length: 13:59
Show
View Real Time Build Order
Export as new Build Order

Winthrowe Terran - Winner!

Build Orders: MMM Bio 

Get SALT Encoding   

  12  0:02  SCV  
  13  0:15  Supply Depot  
  13  0:18  SCV  
  14  0:30  SCV  
  14  0:34  Refinery  
  15  0:46  Barracks  
  15  0:49  SCV  
  16  1:01  SCV  
  17  1:13  SCV  
  18  1:25  SCV  
  19  1:37  Supply Depot  
  19  1:38  Orbital Command  
  19  1:44  Refinery  
  19  2:04  SCV, Command Center  
  20  2:22  SCV  
  21  2:34  SCV  
  21  2:35  Factory  
  22  2:41  Barracks Tech Lab  
  22  2:46  SCV  
  23  2:58  SCV  
  23  3:03  Marine  
  25  3:07  Stimpack  
  25  3:11  SCV  
  26  3:24  Starport  
  26  3:36  Barracks  
  26  3:39  SCV  
  27  3:51  SCV  
  27  3:52  Factory Tech Lab  
  28  3:57  Marine  
  29  4:03  SCV  
  30  4:15  Marine, SCV  
  32  4:18  Engineering Bay  
  32  4:21  Starport Tech Lab  
  32  4:27  SCV  
  32  4:28  Infernal Pre-Igniter  
  33  4:33  Marine  
  33  4:35  Cyclone  
  37  4:39  Barracks Reactor  
  37  4:47  Banshee  
  37  4:51  Marine  
  41  4:57  Cloaking Field  
  41  5:04  Refinery  
  41  5:07  Combat Shields, Cyclone  
  41  5:09  Marine  
  41  5:12  Orbital Command  
  41  5:13  Refinery  
  45  5:14  SCV  
  46  6:05  Supply Depot  
  46  6:12  Banshee, SCV, Marauder  
  46  6:16  Siege Tank, Hyperflight Rotors  
  55  6:24  Marine x2, SCV  
  58  6:28  Supply Depot  
  58  6:33  SCV  
  58  6:34  Marauder  
  58  6:36  SCV  
  62  6:42  Marine x2  
  62  6:45  SCV  
  61  6:51  Supply Depot  
  54  6:55  Marauder  
  54  6:59  Marine  
  54  7:00  Marine  
  58  7:14  Supply Depot  
  58  7:17  Marine, Marauder  
  58  7:18  Marine  
  62  7:38  Marauder  
  62  7:39  Marine x2  
  66  7:56  Marine  
  66  7:57  Marine  
  65  7:59  Marauder  
  65  8:04  Cyclone  
  64  8:06  Medivac  
  66  8:14  Marine  
  66  8:15  Marine  
  68  8:21  Marauder  
  66  8:32  Marine x2  
  68  8:36  Medivac, Cyclone  
  71  8:42  Marauder  
  65  8:50  Marine x2  
  67  9:04  Marauder  
  67  9:08  Marine x2, Cyclone  
  74  9:25  Marine, Marauder  
  74  9:26  Viking, Marine  
  80  9:39  Terran Infantry Weapons Level 1  
  80  9:40  Cyclone  
  80  9:43  Marine  
  80  9:44  Marine  
  85  9:46  Marauder  
  87  9:56  Viking  
  89  10:01  Marine  
  89  10:02  Marine  
  91  10:08  Marauder  
  91  10:11  SCV  
  91  10:12  SCV  
  92  10:15  Command Center  
  92  10:19  Marine  
  93  10:23  SCV  
  94  10:32  Unknown  
  94  10:34  Viking  
  94  10:38  Cyclone, Marauder  
  90  10:52  Marine x2  
  92  11:00  Marauder  
  94  11:26  Marine x2  
  94  11:27  Medivac, Cyclone, Marauder  
  94  11:29  Supply Depot  
  103  11:33  Terran Infantry Armor Level 1  
  103  11:48  Marauder  
  103  11:53  Supply Depot  
  105  11:57  Medivac  
  105  11:59  Cyclone  
  110  12:10  Marauder  
  110  12:15  Marine  
  110  12:16  Marine, Supply Depot, Unknown  
  110  12:18  Unknown  
  109  12:27  Medivac  
  109  12:29  Unknown  
  110  12:31  Marauder  
  110  12:33  Marine x2  
  108  12:39  Supply Depot  
  106  12:51  Marine x2  
  107  12:53  Marauder  
  107  12:56  Medivac  
  112  13:08  Marine  
  112  13:09  Marine  
  114  13:14  Marauder  
  116  13:26  Marine, Medivac  
  119  13:27  Marine  
  120  13:35  Marauder  
  117  13:54  Unknown  
Show
View Real Time Build Order
Export as new Build Order

A.I. 1 (Hard) Zerg 

Build Orders: Pool First, Zergling Baneling 

Get SALT Encoding   

  12  0:01  Drone  
  13  0:12  Overlord  
  13  0:17  Drone  
  14  0:30  Drone  
  14  0:32  Drone  
  16  0:42  Spawning Pool  
  16  0:45  Drone  
  16  0:50  Drone  
  16  0:52  Extractor  
  16  0:55  Drone  
  17  1:06  Overlord  
  17  1:31  Zergling x2, Queen  
  20  1:35  Zergling x2  
  20  1:38  Roach Warren, Drone  
  21  1:42  Extractor  
  20  1:49  Drone  
  21  1:56  Baneling Nest  
  21  1:59  Drone  
  21  2:10  Drone  
  22  2:21  Zergling x2  
  23  2:32  Drone  
  24  2:37  Overlord  
  24  2:38  Zergling x2  
  24  2:42  Baneling x2, Zergling x2  
  26  2:47  Zergling x2  
  27  2:51  Baneling x2  
  27  2:54  Drone  
  28  3:05  Zergling x2  
  29  3:09  Overlord, Zergling x2  
  30  3:13  Zergling x2  
  30  3:18  Zergling x2  
  32  3:27  Zergling x2  
  32  3:32  Baneling  
  33  3:36  Baneling  
  33  3:38  Zergling x2  
  34  3:43  Baneling, Zergling x2  
  34  3:47  Baneling x2, Zergling x2  
  36  3:51  Zergling x2  
  36  3:53  Evolution Chamber  
  36  3:56  Zergling x2  
  36  4:02  Drone  
  38  4:13  Drone  
  38  4:14  Overlord, Drone  
  38  4:16  Drone  
  41  4:25  Drone  
  42  4:36  Drone  
  43  4:45  Drone  
  44  6:04  Overlord, Roach, Metabolic Boost  
  46  6:05  Zerg Melee Weapons Level 1, Burrow  
  46  6:06  Evolution Chamber  
  46  6:11  Hatchery, Drone  
  44  6:12  Roach  
  47  6:21  Roach  
  49  6:30  Roach  
  49  6:31  Zerg Ground Armor Level 1  
  51  6:35  Overlord  
  51  6:38  Roach  
  46  6:47  Roach  
  39  6:56  Roach  
  41  7:04  Roach  
  43  7:13  Roach  
  45  7:17  Lair  
  45  7:21  Zergling x2  
  46  7:23  Spore Crawler  
  46  7:26  Drone  
  46  7:29  Extractor  
  46  7:30  Roach, Drone  
  46  7:31  Drone  
  46  7:32  Spore Crawler  
  46  7:36  Drone  
  49  7:37  Drone  
  49  7:41  Drone  
  49  7:44  Drone  
  52  7:47  Drone  
  52  7:50  Drone  
  54  7:55  Drone  
  54  7:56  Drone  
  56  7:59  Zerg Missile Weapons Level 1, Drone  
  56  8:02  Drone  
  56  8:05  Drone  
  59  8:08  Drone  
  59  8:10  Drone  
  59  8:11  Drone  
  60  8:14  Overlord  
  60  8:15  Overseer  
  60  8:16  Drone  
  60  8:17  Hydralisk Den  
  60  8:23  Spine Crawler  
  60  8:25  Overseer, Drone  
  60  8:27  Drone  
  61  8:29  Roach  
  61  8:30  Drone  
  61  8:31  Drone  
  61  8:33  Drone  
  64  8:36  Drone  
  64  8:38  Drone  
  64  8:47  Spine Crawler, Drone  
  66  8:48  Roach  
  66  8:55  Spore Crawler  
  65  8:57  Spore Crawler  
  65  8:58  Hydralisk, Drone  
  65  8:59  Queen  
  65  9:00  Drone  
  70  9:02  Overlord  
  70  9:05  Drone  
  70  9:09  Zergling x2  
  71  9:12  Queen  
  73  9:17  Infestation Pit  
  73  9:18  Drone  
  73  9:20  Hydralisk  
  73  9:22  Spine Crawler  
  74  9:25  Spine Crawler  
  74  9:28  Hydralisk  
  75  9:33  Spire  
  75  9:35  Drone  
  75  9:37  Hydralisk  
  77  10:24  Swarm Host  
  77  10:25  Overlord, Pneumatized Carapace, Zerg Melee Weapons Level 2, Overseer  
  77  10:26  Glial Reconstitution, Zerg Ground Armor Level 2  
  80  10:29  Swarm Host  
  80  10:35  Zergling x2  
  77  10:36  Hatchery  
  77  10:40  Roach  
  56  10:45  Roach  
  56  10:48  Zerg Flyer Weapons Level 1  
  58  10:50  Hydralisk  
  58  10:55  Overseer, Roach  
  62  11:00  Roach  
  64  11:05  Hydralisk  
  64  11:11  Roach  
  66  11:16  Roach  
  61  11:20  Overseer  
  61  11:21  Roach  
  61  11:22  Extractor  
  52  11:26  Roach  
  52  11:28  Overlord  
  52  11:31  Roach  
  54  11:39  Hydralisk  
  50  11:42  Overlord  
  50  11:47  Roach  
  51  11:50  Overseer, Hydralisk  
  51  11:55  Hydralisk  
  51  11:56  Overseer  
  51  11:58  Hydralisk  
  51  12:02  Hydralisk  
  51  12:03  Drone  
  51  12:08  Overlord, Drone x4  
  50  12:09  Queen  
  50  12:14  Zergling x2  
  45  12:19  Roach  
  40  12:25  Overlord  
  32  12:39  Hydralisk  
  27  12:46  Hydralisk  
  26  13:05  Overlord  
  15  13:27  Drone  
  9  13:46  Drone  
Tags
 
Add a new tag
Caveats
  • Supply blocks, unpowered buildings, or Contaminate may cause inaccurate times.
  • Supply counts are checked every 10 seconds.